 Dungeon Crawl Stone Soup version 0.26.1-2-gb8aa6d0cf2 (webtiles) character file.

Game seed: 8274973749090093389

19491 KamiKatze the Impaler (level 12, -3/97 HPs)
             Began as a Merfolk Berserker on Feb 8, 2021.
             Was the Champion of Trog.
             Slain by a stone giant (18 damage)
             ... on level 2 of the Orcish Mines on Feb 9, 2021.
             The game lasted 01:00:11 (16763 turns).

KamiKatze the Impaler (Merfolk Berserker)          Turns: 16763, Time: 01:00:12

Health: -3/97      AC: 16    Str: 21    XL:     12   Next: 69%
Magic:  12/12      EV: 12    Int:  6    God:    Trog [******]
Gold:   1389       SH: 11    Dex: 15    Spells: 11/11 levels left

rFire    . . .     SeeInvis +   a - +1 trident (venom)
rCold    . . .     Faith    .   I - +0 kite shield
rNeg     . . .     Spirit   .   N - +0 storm dragon scales
rPois    .         Reflect  .   (no helmet)
rElec    +         Harm     .   T - +1 cloak
rCorr    .         Rampage  .   H - +0 pair of gloves
Will     +....                  (no boots)
Stlth    ..........             K - amulet of regeneration
HPRegen  0.66/turn              t - ring of see invisible
MPRegen  0.13/turn              i - ring of willpower

@: no status effects
A: change form in water, swift swim, stealthy swim
a: Renounce Religion, Berserk, Trog's Hand, Brothers in Arms


You were on level 2 of the Orcish Mines.
You worshipped Trog.
Trog was exalted by your worship.
You visited 3 branches of the dungeon, and saw 16 of its levels.
You also visited: Ossuary.

You collected 1389 gold pieces.

Inventory:

Hand Weapons
 a - a +1 trident of venom (weapon)
 b - a +1 glaive
Missiles
 d - 303 stones
 f - 18 boomerangs
 l - 14 javelins (quivered)
 G - 7 boomerangs of dispersal
 S - 15 poisoned darts
Armour
 c - a +0 plate armour
 H - a +0 pair of gloves (worn)
 I - a +0 kite shield (worn)
 N - +0 storm dragon scales (worn)
 T - a +1 cloak (worn)
Jewellery
 i - a ring of willpower (right hand)
 q - an uncursed ring of fire
 s - an uncursed amulet of guardian spirit
 t - a ring of see invisible (left hand)
 E - an uncursed ring of resist corrosion
 K - an amulet of regeneration (around neck)
Wands
 v - a wand of flame (30)
 C - a wand of digging (6)
 O - a wand of random effects (45)
 Q - a wand of acid (8)
Scrolls
 h - 7 scrolls of teleportation
 w - a scroll of fear {unknown}
 x - 5 scrolls of remove curse
 y - 3 scrolls of immolation
 z - 2 scrolls of enchant weapon
 D - a scroll of fog {unknown}
 J - a scroll of magic mapping {unknown}
 L - 2 scrolls of blinking
 P - 2 scrolls of torment {unknown}
 R - a scroll of random uselessness {unknown}
Potions
 e - a potion of haste
 g - 2 potions of mutation
 j - a potion of attraction {unknown}
 k - 4 potions of invisibility
 m - 4 potions of flight
 n - 2 potions of lignification
 o - 4 potions of heal wounds
 p - a potion of curing
 r - a potion of degeneration {unknown}
 u - 2 potions of cancellation {unknown}
 A - a potion of ambrosia
 B - a potion of resistance
 F - a potion of might
 M - a potion of berserk rage {unknown}


   Skills:
 - Level 9.9 Fighting
 - Level 1.6(6.6) Axes
 - Level 16.0(16.1) Polearms
 - Level 6.9 Armour
 - Level 11.2 Dodging
 + Level 7.5 Shields
 - Level 3.0 Evocations


You had 11 spell levels left.
You didn't know any spells.
Your spell library was empty.

Dungeon Overview and Level Annotations

Branches:
Dungeon (13/15)            Temple (1/1) D:5            Lair (0/6) D:11
    Orc (2/2) D:11        Ossuary (visited)
    Elf: Orc:2       Vaults: D:13-14

Altars:
Ashenzari
Cheibriados
Dithmenos
Elyvilon
Fedhas
Gozag
Hepliaklqana
Kikubaaqudgha
Makhleb
Nemelex Xobeh
Okawaru
Qazlal
Ru
Sif Muna
Trog
Uskayaw
Vehumet
Wu Jian
Xom
Yredelemnul
Zin
The Shining One

Shops:
D:4 [

Annotations:
D:11 exclusion: 2 oklob plants


Message History

a +0 short sword; a +0 flail; an orc corpse
Things that are here:
a +0 chain mail; a +0 flail You now have 1347 gold pieces (gained 27).
You now have 1367 gold pieces (gained 20).
You now have 1389 gold pieces (gained 22).
A stone giant comes into view.
The stone giant throws a large rock.
The large rock hits you!!
You see here a large rock.
You see here a +0 club.
There is a stone staircase leading up, spattered with blood here.
The stone giant throws a large rock.
The large rock hits you!!
Things that are here:
a large rock; a +0 chain mail; a +0 flail The stone giant throws a large rock.
The large rock hits you!!!
* * * LOW HITPOINT WARNING * * *
You see here a large rock.
The stone giant throws a large rock.
The large rock barely misses you. The stone giant hits you!!
You die...

...................#.....
.........................
.................).......
...............<[....#...
............[.())........
..##.........(...........
#............)........$
................#.......
..#.......@.....#.......#
.....##..C.(.............
.... #..................
... #...........$.....$
...............#..
.........#.......
..................
.................
...............


You could see a stone giant.

Vanquished Creatures
  2 hydras
  A two-headed ogre (D:10)
  A centaur warrior (D:13)
  Nergalle (D:11)
  A wolf spider zombie (D:13)
  An orc knight (D:11)
  A cyclops (D:13)
  A faun (shapeshifter) (D:13)
  Maurice (D:12)
  2 gargoyles
  A kobold demonologist (D:12)
  A hornet (D:7)
  A blink frog (shapeshifter) (D:13)
  6 slime creatures (D:11)
  Sigmund (D:5)
  A vampire (D:11)
  A wraith (D:8)
  A wyvern (D:10)
  6 yaks (D:12)
  7 vampire mosquitoes
  A soldier ant (D:12)
  Menkaure (D:4)
  3 black bears
  A hornet zombie (D:7)
  14 orc warriors
  3 sky beasts
  3 ice beasts
  10 ogres
  10 centaurs
  A phantom (D:12)
  5 bullfrogs
  2 big kobolds
  A wyvern zombie (D:8)
  A gnoll sergeant (D:7)
  A scorpion (D:7)
  9 killer bees
  13 wights
  A howler monkey (D:7)
  8 hounds
  A quasit (D:10)
  A bullfrog zombie (D:5)
  4 centaur zombies
  2 human zombies (Ossuary)
  12 orc priests
  7 centaur skeletons
  Jessica (D:2)
  9 iguanas
  14 orc wizards
  9 worker ants
  2 big kobold zombies (Ossuary)
  3 hound zombies
  2 hound skeletons
  3 mummies
  3 worker ant zombies
  9 gnolls
  18 adders
  A white imp (D:6)
  An ufetubus (D:5)
  An adder zombie (Ossuary)
  2 adder skeletons
  4 worms
  4 dart slugs
  4 leopard geckos
  69 orcs
  2 ball pythons (D:3)
  5 bats
  3 giant cockroaches
  2 goblins (D:1)
  7 hobgoblins
  11 jackals
  17 kobolds
  3 quokkas
  6 frilled lizards
  2 goblin zombies (Ossuary)
  8 hobgoblin zombies (Ossuary)
  11 kobold zombies (Ossuary)
  7 orc zombies (Ossuary)
  2 quokka skeletons
  A rat (D:3)
  A rat zombie (Ossuary)
400 creatures vanquished.

Vanquished Creatures (others)
  5 plants (D:3)
5 creatures vanquished.

Grand Total: 405 creatures vanquished

Notes
Turn   | Place    | Note
-------+----------+-------------------------------------------
     0 | D:1      | KamiKatze the Merfolk Berserker began the quest for the
                  | Orb.
     0 | D:1      | Reached XP level 1. HP: 18/18 MP: 1/1
   237 | D:1      | Reached XP level 2. HP: 24/24 MP: 2/2
   772 | D:2      | Reached skill level 5 in Polearms
   974 | D:2      | Reached XP level 3. HP: 29/29 MP: 3/3
  1082 | D:2      | Noticed Jessica
  1131 | D:2      | Killed Jessica
  1132 | D:2      | Reached XP level 4. HP: 28/37 MP: 4/4
  1861 | D:3      | Reached skill level 6 in Polearms
  1861 | D:3      | Reached XP level 5. HP: 42/42 MP: 5/5
  1862 | D:3      | Reached ** piety under Trog
  2174 | D:3      | Found a shadowy altar of Dithmenos.
  2725 | D:4      | Noticed an ogre
  2740 | D:4      | Killed an ogre
  2741 | D:4      | Reached XP level 6. HP: 49/49 MP: 4/6
  2816 | D:4      | Reached skill level 7 in Polearms
  2979 | D:4      | Reached XP level 7. HP: 36/55 MP: 2/7
  3121 | D:4      | Reached skill level 5 in Dodging
  3187 | D:4      | Reached skill level 8 in Polearms
  3555 | D:4      | Found Orofat's Antique Armour Emporium.
  3604 | D:4      | HP: 4/82 [iguana (11)]
  3608 | D:4      | Reached skill level 5 in Fighting
  3809 | D:4      | Noticed Menkaure
  3815 | D:4      | Killed Menkaure
  3955 | D:5      | Entered Level 5 of the Dungeon
  4060 | D:5      | Found a sand-covered staircase.
  4096 | Ossuary  | Entered an ossuary
  4114 | Ossuary  | Reached *** piety under Trog
  4299 | Ossuary  | Reached skill level 9 in Polearms
  4331 | Ossuary  | Reached XP level 8. HP: 46/62 MP: 8/8
  4549 | Ossuary  | Reached **** piety under Trog
  5290 | D:5      | Reached skill level 10 in Polearms
  5337 | D:5      | Noticed Sigmund
  5357 | D:5      | Killed Sigmund
  5439 | D:5      | Found a staircase to the Ecumenical Temple.
  5448 | Temple   | Entered the Ecumenical Temple
  5691 | D:5      | Found a burning altar of Makhleb.
  6060 | D:6      | Found a sparkling altar of Nemelex Xobeh.
  6101 | D:6      | Found a bloodstained altar of Trog.
  6349 | D:6      | Reached XP level 9. HP: 65/69 MP: 9/9
  6370 | D:6      | Reached skill level 1 in Evocations
  6386 | D:6      | Reached skill level 11 in Polearms
  6509 | D:6      | Found a snail-covered altar of Cheibriados.
  7289 | D:7      | Noticed a hornet
  7306 | D:7      | Killed a hornet
  7750 | D:7      | Reached skill level 12 in Polearms
  8588 | D:7      | Reached XP level 10. HP: 52/79 MP: 10/10
  8667 | D:7      | Reached ***** piety under Trog
  9144 | D:8      | You fall into a shaft and drop 2 floors!
  9144 | D:10     | Entered Level 10 of the Dungeon
  9177 | D:10     | Reached skill level 13 in Polearms
  9258 | D:9      | Found a shimmering altar of Xom.
  9258 | D:9      | Found a white marble altar of Elyvilon.
  9341 | D:9      | Reached skill level 5 in Armour
 10020 | D:9      | Received a gift from Trog
 10703 | D:10     | You fall into a shaft and drop 3 floors!
 10857 | D:11     | Found a staircase to the Orcish Mines.
 11035 | D:10     | Noticed a two-headed ogre
 11075 | D:10     | Killed a two-headed ogre
 11076 | D:10     | Reached skill level 14 in Polearms
 11275 | D:10     | Reached XP level 11. HP: 87/87 MP: 11/11
 11360 | D:10     | Noticed a six-headed hydra
 11374 | D:10     | Killed a six-headed hydra
 11375 | D:10     | Reached skill level 10 in Dodging
 11865 | D:11     | Noticed an oklob plant
 11865 | D:11     | Noticed an oklob plant
 11867 | D:11     | Found a staircase to the Lair.
 11918 | D:11     | Noticed Nergalle
 11987 | D:11     | Killed Nergalle
 12464 | D:11     | Reached skill level 1 in Axes
 12464 | D:11     | Reached skill level 15 in Polearms
 14119 | D:12     | Noticed Maurice
 14134 | D:12     | Killed Maurice
 14621 | D:13     | Reached XP level 12. HP: 88/97 MP: 12/12
 14749 | D:13     | Reached skill level 16 in Polearms
 14816 | D:13     | Noticed a seven-headed hydra
 14823 | D:13     | Reached skill level 1 in Shields
 14850 | D:13     | Killed a seven-headed hydra
 15598 | D:13     | Noticed a centaur warrior
 15615 | D:13     | Killed a centaur warrior
 15616 | D:13     | Reached skill level 5 in Shields
 16014 | Orc:1    | Entered Level 1 of the Orcish Mines
 16370 | Orc:1    | Reached ****** piety under Trog
 16582 | Orc:2    | Entered Level 2 of the Orcish Mines
 16752 | Orc:2    | Noticed a stone giant
 16763 | Orc:2    | Slain by a stone giant

Illustrated notes

Levels and vault maps discovered:
D:1:      minmay_arrival_semitransparent, layout_loops_cross
D:2:      layout_basic, uniq_jessica
D:3:      layout_basic, overflow_temple_1_default, minmay_tree_intersection,
          serial_bayou_pond_c
D:4:      layout_loops_ring, serial_shops, kennysheep_mini, uniq_menkaure
D:5:      minmay_inner_zag, layout_basic, minmay_temple_entry_mini_moons,
          gup_ossuary_entry_pyramid, makhleb_heckhound_becter, uniq_sigmund
D:6:      layout_loops_ring, old_standard_altar, kennysheep_little_box,
          cheibrodos_worm_habitat, minmay_fractal_squares_diagonal_5
D:7:      layout_loops_corners
D:8:      layout_loops_ring
D:9:      layout_irregular_city, nicolae_overflow_hidden_temple
D:10:     layout_loops_ring, hangedman_decor_slide_cut
D:11:     layout_stronghold, dpeg_oklobed_lair, orc_0_dummy, bh_walls_and_bars,
          uniq_nergalle
D:12:     layout_loops_ring, special_room [special_room_orc], uniq_maurice
D:13:     layout_basic
Temple:   eino_temple_rhombus
Orc:1:    layout_caves, nicolae_orc_crystal_geode
Orc:2:    st_orc_elflike, layout_caves, special_room, uniq_josephine

Skill      XL: |  1  2  3  4  5  6  7  8  9 10 11 12 |
---------------+-------------------------------------+-----
Dodging        | 3 4 5 6 8 9 11 | 11.2
Polearms       | 5 6 7 9 10 12 14 15 16 | 16.0
Armour         | 2 3 4 6 |  6.9
Fighting       | 4 5 6 7 8 9 |  9.9
Evocations     | 2 3 |  3.0
Axes           | 1 |  1.6
Shields        | 7 |  7.5

Action                   |  1- 3 |  4- 6 |  7- 9 | 10-12 || total
-------------------------+-------+-------+-------+-------++-------
Melee: Spear             |    82 |   156 |   798 |       ||  1036
       Trident           |       |       |   110 |  1058 ||  1168
       Glaive            |       |       |       |    68 ||    68
Invok: Berserk           |     2 |     4 |     5 |    11 ||    22
       Trog's Hand       |       |       |     4 |     3 ||     7
Evoke: Wand              |       |       |     1 |     2 ||     3
  Use: Scroll            |       |     2 |    13 |     5 ||    20
       Potion            |       |       |       |     1 ||     1
 Stab: Distracted        |       |       |       |     1 ||     1
Armor: Ring mail         |    16 |    24 |    56 |       ||    96
       Scale mail        |       |       |    67 |    18 ||    85
       Chain mail        |       |       |       |   118 ||   118
       Storm dragon scal |       |       |       |   223 ||   223
Dodge: Dodged            |    31 |    58 |   315 |   520 ||   924
Block: Kite shield       |       |       |       |    11 ||    11
